 Dungeon Crawl Stone Soup version 0.30-a0-937-ga0a21ad780 (webtiles) character file.

Game seed: 17638012784884552796

13885 Heskey1 the Covert (level 12, -7/79 HPs)
             Began as a Kobold Brigand on Mar 24, 2023.
             Was a Follower of Uskayaw.
             Mangled by a shadow (20 damage)
             ... on level 12 of the Dungeon.
             The game lasted 00:27:05 (14638 turns).

Heskey1 the Covert (Kobold Brigand)                Turns: 14638, Time: 00:27:06

Health: -7/79      AC:  9    Str:  8    XL:     12   Next: 38%
Magic:  12/12      EV: 30    Int: 13    God:    Uskayaw [*.....]
Gold:   1338       SH:  0    Dex: 21    Spells: 11/11 levels left

rFire   . . .      SeeInvis .    l - +3 dagger (venom)
rCold   . . .      Faith    .    (no shield)
rNeg    . . .      Spirit   .    b - +0 robe
rPois   .          Reflect  .    v - +1 helmet
rElec   .          Rampage  .    c - +2 cloak
rCorr   .                        (no gloves)
Will    +....                    t - +1 pair of boots
Stlth   +++++++                  k - amulet of the acrobat
HPRegen 0.33/turn                q - +5 ring of evasion
MPRegen 0.13/turn                w - ring of willpower

@: studying Fighting
A: small, no large weapons, nightstalker 3
a: Renounce Religion, Stomp


You were on level 12 of the Dungeon.
You worshipped Uskayaw.
Uskayaw was noncommittal.
You visited 2 branches of the dungeon, and saw 13 of its levels.

You collected 1338 gold pieces.

Inventory:

Hand Weapons
 a - a +2 dagger
 j - a +0 rapier
 l - a +3 dagger of venom (weapon)
Missiles
 d - 47 poisoned darts (quivered)
 e - 4 curare-tipped darts
 h - 6 boomerangs
 n - 4 javelins
 u - 2 throwing nets
Armour
 b - a +0 robe (worn)
 c - a +2 cloak (worn)
 t - a +1 pair of boots (worn)
 v - a +1 helmet (worn)
 C - a +0 kite shield
Jewellery
 g - a +6 ring of dexterity
 k - an amulet of the acrobat (around neck)
 q - a +5 ring of evasion (left hand)
 w - a ring of willpower (right hand)
 G - an amulet of guardian spirit
 M - a ring of wizardry
Wands
 o - a wand of flame (54)
 s - a wand of polymorph (18)
 y - a wand of mindburst (11)
 B - a wand of roots (23)
 E - a wand of paralysis (7)
Scrolls
 m - 5 scrolls of teleportation
 I - a scroll of magic mapping {unknown}
 J - a scroll of identify
 L - a scroll of silence {unknown}
Potions
 f - a potion of might
 i - 3 potions of attraction
 p - a potion of cancellation
 r - a potion of degeneration {unknown}
 x - 4 potions of curing
 z - a potion of flight
 A - a potion of lignification
 D - a potion of haste
 F - a potion of magic {unknown}
 H - a potion of invisibility {unknown}
 K - a potion of brilliance {unknown}


   Skills:
 * Level 10.6 Fighting
 * Level 11.8 Short Blades
 + Level 5.5 Throwing
 + Level 13.3 Dodging
 + Level 14.5 Stealth


You had 11 spell levels left.
You didn't know any spells.
Your spell library contained the following spells:

 Spells                   Type           Power      Damage    Failure   Level
 Necrotise                Necr           0%         1d4       30%         1
 Slow                     Hex            0%         N/A       30%         1
 Sting                    Tmut/Pois      0%         1d3       30%         1
 Poisonous Vapours        Pois/Air       0%         N/A       43%         2
 Confusing Touch          Hex            0%         N/A       67%         3
 Dazzling Flash           Conj/Hex       0%         N/A       67%         3
 Ozocubu's Armour         Ice            0%         N/A       67%         3
 Vampiric Draining        Necr           0%         2d6       67%         3
 Cause Fear               Hex            0%         N/A       97%         4
 Iskenderun's Mystic Bla  Conj/Tloc      0%         2d3       97%         4
 Olgreb's Toxic Radiance  Pois           0%         N/A       97%         4
 Agony                    Necr           0%         N/A       100%        5
 Metabolic Englaciation   Hex/Ice        0%         N/A       100%        5
 Silence                  Hex/Air        0%         N/A       100%        5
 Simulacrum               Ice/Necr       0%         N/A       100%        6
 Starburst                Conj/Fire      0%         6d3       100%        6
 Dragon Form              Tmut           0%         N/A       100%        7
 Dragon's Call            Summ           0%         N/A       100%        9


Dungeon Overview and Level Annotations

Branches:
Dungeon (12/15)            Temple (1/1) D:5            Lair (0/5) D:10
    Orc (0/2) D:9

Altars:
Ashenzari
Cheibriados
Dithmenos
Gozag
Hepliaklqana
Kikubaaqudgha
Makhleb
Nemelex Xobeh
Okawaru
Qazlal
Ru
Sif Muna
Trog
Uskayaw
Vehumet
Wu Jian
Xom
Yredelemnul
Zin
The Shining One
Jiyva


Innate Abilities, Weirdness & Mutations

You are small and have problems with some larger weapons.
You are completely attuned to the shadows.


Message History

Deactivating autopickup; reactivate with Ctrl-A.
Things that are here:
a +0 short sword; a scroll labelled ISIBAH EDWON You closely miss something.
You hit something but do no damage.
The shadow strikes at you from the darkness!
* * * LOW HITPOINT WARNING * * *
Reactivating autopickup.
You hit the shadow but do no damage. You hit the shadow.
The shadow is lightly damaged.
The shadow completely misses you.
You hit the shadow but do no damage. You punch the shadow, but do no damage.
The shadow is lightly damaged.
You barely miss the shadow.
The shadow is lightly damaged.
The shadow slips into darkness.
The shadow flickers and vanishes!
Deactivating autopickup; reactivate with Ctrl-A.
You hit something. You punch something. You hit something.
The shadow strikes at you from the darkness!
* * * LOW HITPOINT WARNING * * *
Reactivating autopickup.
You hit the shadow but do no damage.
The shadow is lightly damaged.
You hit the shadow but do no damage.
The shadow is lightly damaged.
The shadow closely misses you.
You hit the shadow but do no damage.
The shadow is lightly damaged.
You hit the shadow.
The shadow is moderately damaged.
The shadow slips into darkness.
The shadow flickers and vanishes!
Deactivating autopickup; reactivate with Ctrl-A.
You miss something. You hit something.
The shadow strikes at you from the darkness!
You die...

#..... .?
#..#.##..
#......#.
.........
#.#..
#.#.####
#.#....#..
#.#..#.#)###
#.@{...#...
###.)#).)#
.....)).).#
......##).#
####..##.)#
.
#..##..##.#
#.........#
.##..##.#
#..# .


There were no monsters in sight!

Vanquished Creatures
  Harold (D:10)
  A two-headed ogre (D:10)
  A deep elf pyromancer (D:11)
  A manticore (D:11)
  A cyclops (D:11)
  Joseph (D:8)
  A kobold demonologist (D:6)
  A rime drake (D:10)
  An unseen horror (D:11)
  4 trolls
  A slime creature (D:12)
  2 shadows
  10 yaks
  A wraith (D:6)
  4 wyverns
  A steam dragon (D:8)
  6 vampire mosquitoes
  3 orc warriors
  2 sky beasts (D:7)
  4 black bears
  6 ice beasts (D:10)
  An ogre (D:6)
  5 wolves (D:10)
  A phantom (D:5)
  5 centaurs
  5 kobold brigands
  3 gnoll sergeants
  5 bullfrogs
  A scorpion (D:5)
  5 wights (D:9)
  21 killer bees
  A howler monkey (D:12)
  2 vampire bats (D:10)
  7 crimson imps (D:10)
  A jelly (D:8)
  3 hounds (D:5)
  A quasit (D:8)
  8 orc priests
  A gnoll bouda (D:9)
  2 sleepcaps
  2 iguanas (D:5)
  13 orc wizards
  4 adders
  19 gnolls
  4 shadow imps
  6 white imps
  5 ufetubi
  3 worms
  4 dart slugs
  32 orcs
  2 bats (D:1)
  3 bat skeletons (D:10)
  2 bat zombies (D:10)
  5 endoplasms
  4 giant cockroaches
  4 goblins
  8 hobgoblins
  7 jackals
  4 quokkas
  7 ball pythons
  A frilled lizard (D:1)
  13 kobolds
  4 rats
287 creatures vanquished.

Vanquished Creatures (others)
  9 demonic plants (D:8)
9 creatures vanquished.

Grand Total: 296 creatures vanquished

Notes
Turn   | Place    | Note
-------+----------+-------------------------------------------
     0 | D:1      | Heskey1 the Kobold Brigand began the quest for the Orb.
     0 | D:1      | Reached XP level 1. HP: 12/12 MP: 1/1
    71 | D:1      | Reached XP level 2. HP: 17/17 MP: 2/2
   246 | D:1      | Reached skill level 6 in Stealth
   246 | D:1      | Reached XP level 3. HP: 22/22 MP: 3/3
   725 | D:2      | Reached XP level 4. HP: 27/27 MP: 4/4
   751 | D:2      | Found an ancient bone altar of Kikubaaqudgha.
  1589 | D:3      | Found a faded altar of an unknown god.
  1666 | D:3      | Reached XP level 5. HP: 26/31 MP: 5/5
  1670 | D:3      | Reached skill level 7 in Stealth
  1888 | D:3      | Found a radiant altar of Vehumet.
  2057 | D:3      | Found a faded altar of an unknown god.
  2058 | D:3      | Found a hazy altar of Hepliaklqana.
  2579 | D:4      | Reached XP level 6. HP: 37/37 MP: 6/6
  3995 | D:5      | Entered Level 5 of the Dungeon
  4015 | D:5      | Reached skill level 5 in Short Blades
  4015 | D:5      | Reached XP level 7. HP: 33/41 MP: 7/7
  4056 | D:5      | Found a staircase to the Ecumenical Temple.
  4066 | Temple   | Entered the Ecumenical Temple
  4243 | Temple   | Became a worshipper of Uskayaw the Reveller
  4293 | D:5      | Reached * piety under Uskayaw
  4319 | D:5      | Reached skill level 8 in Stealth
  4557 | D:5      | Reached ** piety under Uskayaw
  4609 | D:5      | Found a bloodstained altar of Trog.
  5079 | D:5      | Reached skill level 5 in Dodging
  5277 | D:5      | Reached XP level 8. HP: 47/47 MP: 8/8
  5280 | D:5      | Reached *** piety under Uskayaw
  5384 | D:6      | Reached skill level 9 in Stealth
  5756 | D:6      | Noticed a kobold demonologist
  5846 | D:6      | Noticed a yak
  5846 | D:6      | Noticed a yak
  5860 | D:6      | Noticed a yak
  5860 | D:6      | Noticed a yak
  5860 | D:6      | Noticed a yak
  6258 | D:6      | Reached skill level 10 in Stealth
  6366 | D:6      | Noticed a wraith
  6466 | D:6      | Reached XP level 9. HP: 28/52 MP: 9/9
  7297 | D:6      | Reached skill level 5 in Fighting
  7634 | D:6      | Noticed a red devil
  7651 | D:6      | Killed a kobold demonologist
  7652 | D:6      | Reached XP level 10. HP: 10/59 MP: 10/10
  8042 | D:6      | Found a stormy altar of Qazlal.
  8264 | D:7      | Reached skill level 10 in Dodging
  8413 | D:7      | Reached **** piety under Uskayaw
  8424 | D:7      | Reached ***** piety under Uskayaw
  9021 | D:7      | You fall into a shaft and drop 1 floor!
  9031 | D:8      | Noticed Joseph
  9094 | D:8      | Killed Joseph
  9095 | D:8      | Reached skill level 11 in Stealth
  9273 | D:8      | Reached skill level 10 in Short Blades
  9749 | D:8      | Found an ornate altar of the Wu Jian Council.
  9751 | D:8      | Found a shadowy altar of Dithmenos.
  9751 | D:8      | Found a sacrificial altar of Ru.
  9752 | D:8      | Found a basalt altar of Yredelemnul.
  9982 | D:9      | Reached XP level 11. HP: 67/67 MP: 11/11
 10140 | D:9      | Reached skill level 12 in Stealth
 10646 | D:9      | Found a staircase to the Orcish Mines.
 11318 | D:10     | Entered Level 10 of the Dungeon
 11391 | D:10     | Found a staircase to the Lair.
 11416 | D:10     | Reached skill level 5 in Throwing
 11421 | D:10     | Reached skill level 13 in Stealth
 11611 | D:10     | Found a shimmering blue altar of Sif Muna.
 11707 | D:10     | Found a snail-covered altar of Cheibriados.
 12032 | D:10     | Noticed a two-headed ogre
 12050 | D:10     | Killed a two-headed ogre
 12268 | D:10     | Identified a scroll of acquirement
 12268 | D:10     | Acquired 570 gold pieces
 12286 | D:10     | Noticed Harold
 12308 | D:10     | HP: 1/71 [Harold/+2 hand axe of electrocution (16)]
 12314 | D:10     | Killed Harold
 13047 | D:10     | Found an ancient bone altar of Kikubaaqudgha.
 13058 | D:10     | Reached XP level 12. HP: 77/77 MP: 12/12
 13698 | D:11     | Reached skill level 10 in Fighting
 13698 | D:11     | Reached skill level 14 in Stealth
 14638 | D:12     | Mangled by a shadow

Illustrated notes

Levels and vault maps discovered:
D:1:      minmay_arrival_wavy_path, layout_basic, nicolae_figureground_sparkle
D:2:      layout_basic, basic_altar, minmay_misc_feat_rows, grunt_ministairs_8,
          chequers_mini_garden, chequers_serial_rivers_micro_e
D:3:      layout_basic, nicolae_overflow_ecumenical_swirl,
          nicolae_vehumet_altar_sigil, portal_sewer_entry_e,
          hellmonk_ecumenical_altar_defaced_shrine
D:4:      layout_basic
D:5:      layout_basic, marbit_many_paths, minmay_temple_entry_slanted
D:6:      layout_cave_pools, grunt_qazlal_sundering, minmay_manual_moon
D:7:      layout_gridville, mainiacjoe_overflow_alcove_2,
          mainiacjoe_overflow_alcove_1, nrook_mini_vaults, moated_statue
D:8:      layout_loops_cross, minitemple, serial_demonic, serial_demonic_e,
          serial_demonic_b, serial_demonic_a, serial_demonic_g,
          serial_demonic_e, serial_demonic_b, serial_demonic_d,
          serial_demonic_c, serial_demonic_d, serial_demonic_e, uniq_joseph
D:9:      layout_roguey, david_orc_3, st_stairs_1
D:10:     layout_stronghold, kennysheep_vampire_church,
          mainiacjoe_overflow_24_doors, overflow_temple_1_default,
          hellmonk_lair_entry_icy, dk_noncrumbling_4, kennysheep_another_room,
          minmay_nine_imps, uniq_harold
D:11:     layout_gridville, minmay_misc_feat_secret_circle
D:12:     hangedman_cross_stitches, layout_loops_ring, bloody_makhleb,
          uniq_nessos
Temple:   pf_slimified_temple

Skill      XL: |  1  2  3  4  5  6  7  8  9 10 11 12 |
---------------+-------------------------------------+-----
Stealth        | 6 7 8 10 11 13 14 | 14.5
Short Blades   | 3 4 5 6 7 8 10 11 | 11.8
Dodging        | 2 3 4 5 6 9 11 12 13 | 13.3
Fighting       | 3 4 5 7 9 10 | 10.6
Throwing       | 3 5 |  5.5

Action                     |  1- 3 |  4- 6 |  7- 9 | 10-12 || total
---------------------------+-------+-------+-------+-------++-------
  Melee: Dagger            |    63 |   230 |   334 |   832 ||  1459
         Punch             |       |     1 |     9 |    19 ||    29
  Throw: Dart              |       |       |    16 |    14 ||    30
 Invoke: Stomp             |       |       |     2 |     4 ||     6
    Use: Scroll            |     1 |     4 |     5 |     8 ||    18
         Potion            |       |       |     3 |     6 ||     9
   Stab: Sleeping          |    18 |    25 |    17 |    30 ||    90
         Distracted        |       |     1 |       |     2 ||     3
         Paralysed         |       |       |     2 |    32 ||    34
 Armour: Robe              |     8 |    20 |    31 |    57 ||   116
  Dodge: Dodged            |    23 |   160 |   333 |   754 ||  1270

Table legend: (Time is in decaauts)
 A = Elapsed time spent in this place.
 B = Non-inter-level travel time spent in this place.
 C = Inter-level travel time spent in this place.
 D = Time resting spent in this place.
 E = Time spent auto-exploring this place.
 F = Levels seen in this place.
 G = Mean time per level.
                   A        B        C        D        E       F      G
               +--------+--------+--------+--------+--------+-----+--------+
         Total |  14076 |  13665 |    411 |   3010 |   8386 |  13 | 1082.8 |
       Dungeon |  13892 |  13481 |    411 |   3010 |   8278 |  12 | 1157.7 |
        Temple |    183 |    183 |      0 |      0 |    108 |   1 |  183.0 |
               +--------+--------+--------+--------+--------+-----+--------+

Top non-repeatable levels by time:
     D:6: 2362 daAuts
    D:10: 1800 daAuts
     D:5: 1520 daAuts
     D:4: 1437 daAuts
     D:3: 1322 daAuts
     D:9: 1190 daAuts
    D:11: 1136 daAuts
     D:8: 908 daAuts
     D:7: 832 daAuts
     D:1: 628 daAuts
     D:2: 556 daAuts
    D:12: 196 daAuts
  Temple: 183 daAuts
